 Dungeon Crawl Stone Soup version 0.28-a0-915-gcd63401287 (webtiles) character file.

Game seed: 12064669327215608247

14414 kae the Martial Artist (level 11, -17/110 HPs)
             Began as a Green Draconian Transmuter on Nov 25, 2021.
             Was a Priest of Qazlal.
             Demolished by a boulder beetle (22 damage)
             ... on level 11 of the Dungeon.
             The game lasted 00:10:10 (17022 turns).

kae the Martial Artist (DrTm)                      Turns: 17022, Time: 00:10:10

Health: -17/110    AC:  8    Str: 18    XL:     11   Next: 88%
Magic:  19/20      EV: 12    Int: 17    God:    Qazlal [***...]
Gold:   1268       SH:  4    Dex: 12    Spells: 15/23 levels left

rFire   x . .      SeeInvis +     - Unarmed
rCold   + + +      Faith    .   (shield currently unavailable)
rNeg    . . .      Spirit   .   (armour unavailable)
rPois   +          Reflect  .   (helmet currently unavailable)
rElec   .          Harm     .   (cloak currently unavailable)
rCorr   .          Rampage  .   (gloves currently unavailable)
Will    .....                   (boots currently unavailable)
Stlth   +.........              (no amulet)
HPRegen 0.28/turn               o - ring of see invisible
MPRegen 0.17/turn               r - +6 ring of strength

@: ice-form
A: freezing attack, amphibious, boosted hp, (breathe noxious fumes), AC +7,
large, unfitting armour, (poison resistance), (cold-blooded)
a: End Transformation, Renounce Religion, Upheaval, Elemental Force


You were on level 11 of the Dungeon.
You worshipped Qazlal.
Qazlal was most pleased with you.
You were a creature of crystalline ice.
You visited 2 branches of the dungeon, and saw 12 of its levels.

You collected 1268 gold pieces.

Inventory:

Armour
 c - a +2 hat of willpower (melded)
 k - a +1 pair of gloves (melded)
 n - a +0 cloak (melded)
Jewellery
 o - a ring of see invisible (left front paw)
 r - a +6 ring of strength (right front paw)
 t - a +4 ring of evasion
 y - a +6 ring of strength
 A - a ring of protection from fire
Wands
 l - a wand of digging (3)
 q - a wand of iceblast (3)
 w - a wand of paralysis (9)
 x - a wand of flame (25)
Scrolls
 j - 2 scrolls of teleportation
 m - 2 scrolls of torment
 p - a scroll of enchant weapon
 u - 3 scrolls of enchant armour
Potions
 a - 4 potions of curing
 b - a potion of mutation
 d - a potion of haste
 e - 3 potions of magic
 f - a potion of resistance
 g - 3 potions of flight
 h - 3 potions of lignification
 i - 3 potions of attraction
 s - a potion of cancellation
 z - 2 potions of might


   Skills:
 + Level 7.5 Fighting
 + Level 6.5 Dodging
 * Level 10.1 Unarmed Combat
 + Level 6.5 Spellcasting
 * Level 9.8 Transmutations
 - Level 5.0 Ice Magic
 - Level 2.4 Poison Magic
 * Level 5.2 Invocations


You had 15 spell levels left.
You knew the following spells:

 Your Spells              Type           Power      Damage    Failure   Level
a - Beastly Appendage     Tmut           78%        N/A       1%          1
b - Spider Form           Tmut/Pois      26%        N/A       3%          3
c - Ice Form              Ice/Tmut       30%        N/A       6%          4

Your spell library contained the following spells:

 Spells                   Type           Power      Damage    Failure   Level
 Freeze                   Ice            88%        1d10      1%          1
 Wereblood                Tmut           39%        N/A       1%          2
 Passwall                 Tmut/Erth      18%        N/A       2%          2
 Frozen Ramparts          Ice            44%        1d6       4%          3
 Sandblast                Erth           10%        2d5       12%         1
 Summon Small Mammal      Summ           20%        N/A       12%         1
 Call Canine Familiar     Summ           5%         N/A       36%         3
 Portal Projectile        Hex/Tloc       10%        N/A       36%         3
 Stone Arrow              Conj/Erth      10%        3d7       36%         3
 Summon Guardian Golem    Hex/Summ       5%         N/A       36%         3
 Hailstorm                Conj/Ice       14%        3d5       41%         4
 Leda's Liquefaction      Hex/Erth       2%         N/A       77%         4


Dungeon Overview and Level Annotations

Branches:
Dungeon (11/15)            Temple (1/1) D:5            Lair (0/6) D:8
    Orc (0/2) D:11

Altars:
Ashenzari
Cheibriados
Dithmenos
Elyvilon
Fedhas
Gozag
Hepliaklqana
Kikubaaqudgha
Makhleb
Nemelex Xobeh
Okawaru
Qazlal
Ru
Sif Muna
Trog
Uskayaw
Vehumet
Wu Jian
Xom
Yredelemnul
Zin
The Shining One

Annotations:
D:6 2 transporters, NigelTetley's ghost, novice FoAK
D:8 2 runed translucent doors, Swippen's ghost, journeyman GnFi


Innate Abilities, Weirdness & Mutations

You are a creature of crystalline ice.
You have a powerful freezing melee attack.
You are amphibious.
Your maximum health is increased.
Your armour is entirely melded.
You are incapable of wielding weapons or throwing items.
((You can breathe blasts of noxious fumes.))
((Your lurid green scales are hard. (AC +7)))
You cannot fit into any form of body armour.
((Your system is resistant to poisons. (rPois)))
((You are cold-blooded and may be slowed by cold attacks.))


Message History

You punch the boulder beetle! You freeze the boulder beetle.
The boulder beetle is heavily wounded.
The boulder beetle closely misses you.
You hit the boulder beetle but do no damage.
The boulder beetle is heavily wounded.
The boulder beetle is engulfed in freezing vapours.
The boulder beetle bites you but does no damage.
You hit the boulder beetle but do no damage.
The boulder beetle is heavily wounded.
The boulder beetle bites you.
You hit the boulder beetle but do no damage.
The boulder beetle is heavily wounded.
The boulder beetle bites you!!
* * * LOW HITPOINT WARNING * * *
You hit the boulder beetle but do no damage.
The boulder beetle is heavily wounded.
You hit the boulder beetle but do no damage.
The boulder beetle is heavily wounded.
The boulder beetle is engulfed in blazing flames.
The boulder beetle bites you!
* * * LOW HITPOINT WARNING * * *
Blink to where?
Press: ? - help, Dir - move target
As you read the scroll of blinking, it crumbles to dust.
The boulder beetle is engulfed in blazing flames.
The boulder beetle curls into a ball and begins rolling!
Aiming: Iceblast
Press: ? - help, Shift-Dir - straight line, f - boulder beetle
Aim: a boulder beetle (flame, severely wounded, rolling)
The mass of ice explodes!
The iceblast engulfs the boulder beetle but does no damage.
The boulder beetle is severely wounded.
Aiming: Iceblast
Press: ? - help, Shift-Dir - straight line, f/p - boulder beetle
Aim: a boulder beetle (severely wounded, rolling)
The mass of ice explodes!
The iceblast engulfs the boulder beetle!
The boulder beetle is almost dead.
The boulder beetle hits you!!
You die...

#.#......# ##.##
......#### #.# #...###
#.# ###.# ##)## #.#
##...## #.## ##.....##
#..## ##.....>.##
###...####.......☼.####.
.........'......Y..'....
###...####......§B.####.
###.<.#####...§.○.##
.).......###..°°.##
########.# ##..°## #.#
##'## #.## #.# #..# #.#
## #..####)####


You could see a boulder beetle (rolling).

Vanquished Creatures
  A hydra (D:8)
  Erolcha (D:10)
  5 two-headed ogres
  A skeletal warrior (D:11)
  3 deep elf pyromancers
  3 cyclopes (D:11)
  A manticore (D:11)
  A kobold demonologist (D:7)
  A troll (D:11)
  A meliai (D:11)
  A hornet (D:11)
  A slime creature (D:11)
  A centaur simulacrum (D:11)
  A shadow (D:11)
  2 wraiths
  3 yaks (D:10)
  2 swamp worms (D:9)
  2 water moccasins
  An orc warrior (D:10)
  2 ice beasts
  2 black bears
  A necrophage (D:7)
  A sky beast (D:8)
  4 centaurs
  4 ogres
  A kobold brigand (D:8)
  A gnoll sergeant (D:7)
  2 bullfrogs
  5 killer bees
  3 howler monkeys (D:9)
  5 wights (D:7)
  7 centaur zombies
  7 orc priests
  3 hounds (D:5)
  A jelly (D:5)
  4 orc wizards
  4 iguanas
  A killer bee zombie (D:6)
  2 hound skeletons (D:3)
  A howler monkey zombie (D:10)
  2 howler monkey skeletons
  11 adders
  5 gnolls
  A shadow imp (D:7)
  A white imp (D:6)
  An ufetubus (D:5)
  2 adder skeletons
  A worm (D:2)
  7 dart slugs
  64 orcs
  7 ball pythons
  4 endoplasms
  5 giant cockroaches
  5 goblins
  6 hobgoblins
  2 quokkas (D:3)
  5 bats
  5 frilled lizards
  12 kobolds
  7 rats
246 creatures vanquished.

Vanquished Creatures (others)
  8 plants
8 creatures vanquished.

Grand Total: 254 creatures vanquished

Notes
Turn   | Place    | Note
-------+----------+-------------------------------------------
     0 | D:1      | kae the Draconian Transmuter began the quest for the Orb.
     0 | D:1      | Reached XP level 1. HP: 16/16 MP: 3/3
   300 | D:1      | Reached XP level 2. HP: 23/23 MP: 3/5
  1218 | D:2      | Reached XP level 3. HP: 18/28 MP: 4/6
  1222 | D:2      | Learned a level 3 spell: Spider Form
  1564 | D:2      | Reached skill level 1 in Poison Magic
  1564 | D:2      | Reached XP level 4. HP: 29/36 MP: 3/7
  2579 | D:3      | Reached XP level 5. HP: 36/41 MP: 8/8
  2670 | D:3      | Learned a level 4 spell: Ice Form
  3510 | D:4      | Reached skill level 4 in Unarmed Combat
  3703 | D:4      | Noticed an ogre
  3712 | D:4      | Killed an ogre
  3713 | D:4      | Reached skill level 1 in Ice Magic
  3713 | D:4      | Reached XP level 6. HP: 48/48 MP: 5/9
  4837 | D:5      | Entered Level 5 of the Dungeon
  5360 | D:5      | Your scales start taking on a lurid green colour.
  5360 | D:5      | Reached XP level 7. HP: 10/56 MP: 7/11
  5360 | D:5      | Gained mutation: Your system is resistant to poisons.
                  | (rPois) [Green Draconian growth]
  6297 | D:5      | Found a staircase to the Ecumenical Temple.
  6303 | D:5      | Reached skill level 5 in Unarmed Combat
  6340 | Temple   | Entered the Ecumenical Temple
  6452 | Temple   | Became a worshipper of Qazlal Stormbringer
  7021 | D:6      | Found a transporter.
  7023 | D:6      | Noticed NigelTetley's ghost (novice FoAK)
  7023 | D:6      | Noticed a two-headed ogre
  7026 | D:6      | Found a shimmering blue altar of Sif Muna.
  7525 | D:6      | Reached XP level 8. HP: 59/63 MP: 8/13
  7989 | D:6      | Found an opulent altar of Gozag.
  7989 | D:6      | Found a hide-covered altar of Uskayaw.
  7992 | D:6      | Found an iron altar of Okawaru.
  7992 | D:6      | Found a sparkling altar of Nemelex Xobeh.
  7993 | D:6      | Found a basalt altar of Yredelemnul.
  7993 | D:6      | Found a blossoming altar of Fedhas.
  7995 | D:6      | Found a glowing golden altar of the Shining One.
  7995 | D:6      | Found a burning altar of Makhleb.
  7995 | D:6      | Found a shimmering altar of Xom.
  8205 | D:6      | Found a transporter.
  8512 | D:6      | Reached skill level 5 in Transmutations
  8812 | D:7      | Reached * piety under Qazlal
  9222 | D:7      | Reached skill level 6 in Unarmed Combat
  9756 | D:7      | Reached XP level 9. HP: 64/72 MP: 6/15
 10149 | D:8      | Found a staircase to the Lair.
 10470 | D:8      | Noticed a kobold demonologist
 10690 | D:7      | Reached skill level 5 in Ice Magic
 10719 | D:7      | Killed a kobold demonologist
 10795 | D:8      | You fall into a shaft and drop 3 floors!
 10932 | D:10     | Entered Level 10 of the Dungeon
 11130 | D:10     | Noticed a two-headed ogre
 11154 | D:10     | Reached skill level 5 in Fighting
 11154 | D:10     | Reached skill level 7 in Unarmed Combat
 11564 | D:10     | Noticed a two-headed ogre
 11581 | D:10     | Killed a two-headed ogre
 11582 | D:10     | Reached skill level 5 in Spellcasting
 11582 | D:10     | Reached XP level 10. HP: 82/82 MP: 13/17
 11892 | D:9      | Found an ornate altar of the Wu Jian Council.
 11912 | D:9      | Noticed a two-headed ogre
 11925 | D:9      | Killed a two-headed ogre
 11926 | D:9      | Reached skill level 5 in Dodging
 11926 | D:9      | Reached skill level 8 in Unarmed Combat
 12000 | D:9      | Reached ** piety under Qazlal
 12109 | D:8      | Noticed a six-headed hydra
 12113 | D:8      | Killed a six-headed hydra
 12444 | D:8      | Found a large runed translucent door.
 12445 | D:8      | Found a large runed translucent door.
 12454 | D:8      | Noticed Swippen's ghost (journeyman GnFi)
 12613 | D:8      | Noticed a deep elf pyromancer
 12619 | D:8      | Killed a deep elf pyromancer
 13029 | D:8      | Identified a scroll of acquirement
 13029 | D:8      | Acquired a +2 hat of willpower
 13834 | D:10     | Noticed Erolcha
 13846 | D:10     | Killed Erolcha
 13847 | D:10     | Reached skill level 9 in Unarmed Combat
 13847 | D:10     | Reached skill level 1 in Invocations
 14030 | D:10     | Killed a two-headed ogre
 14031 | D:10     | Reached XP level 11. HP: 41/91 MP: 15/19
 14319 | D:10     | Found a bloodstained altar of Trog.
 14522 | D:11     | Found a shimmering blue altar of Sif Muna.
 14522 | D:11     | Noticed a deep elf pyromancer
 14540 | D:11     | Killed a deep elf pyromancer
 14617 | D:11     | Noticed a two-headed ogre
 14627 | D:11     | Killed a two-headed ogre
 14724 | D:11     | Reached *** piety under Qazlal
 15323 | D:11     | Found a staircase to the Orcish Mines.
 15735 | D:11     | Noticed a skeletal warrior
 15750 | D:11     | Noticed a rakshasa
 15757 | D:11     | Killed a skeletal warrior
 16197 | D:11     | Noticed a deep elf pyromancer
 16205 | D:11     | Killed a deep elf pyromancer
 16301 | D:11     | Reached skill level 10 in Unarmed Combat
 16793 | D:11     | Reached skill level 5 in Invocations
 16810 | D:11     | Noticed a two-headed ogre
 16817 | D:11     | Killed a two-headed ogre
 16903 | D:11     | Noticed a boulder beetle
 17019 | D:11     | HP: 4/110 [boulder beetle (12)]
 17022 | D:11     | Demolished by a boulder beetle

Illustrated notes

Levels and vault maps discovered:
D:1:      wander_arrival_lonely_grave, layout_loops_ring
D:2:      layout_rooms
D:3:      layout_basic, serial_undead, serial_undead_c, serial_undead_d,
          serial_undead_c, serial_undead_e
D:4:      layout_loops_ring, grunt_ministairs_12, guppyfry_early_lair_pool
D:5:      layout_basic, minmay_temple_entry_wispy
D:6:      layout_loops_corners, mainiacjoe_overflow_brackets,
          nicolae_overflows_in_rows, gammafunk_ghost_smash
D:7:      layout_gridville, serial_glass, glass_columns_c, glass_columns_a
D:8:      layout_rooms, dpeg_oklobed_lair, ebering_ghost_disaster_area,
          roderic_lattice_a, guppyfry_early_elven_hall
D:9:      layout_long_grid, nicolae_wu_jian_wuxing_cycle, worms_lemuel
D:10:     layout_roguey, bloody_trog, uniq_erolcha
D:11:     minmay_the_grid_square_5x5_5x5_mashed
          [minmay_the_grid_square_5x5_plus,
          minmay_the_grid_square_5x5_inverted_slash,
          minmay_the_grid_square_5x5_seven,
          minmay_the_grid_square_5x5_beaten_path,
          minmay_the_grid_square_5x5_minimal, minmay_the_grid_square_5x5_forky,
          minmay_the_grid_square_5x5_prize_pseudospiral,
          minmay_the_grid_square_5x5_dogpile,
          minmay_the_grid_square_5x5_prize_gold,
          minmay_the_grid_square_5x5_two_small,
          minmay_the_grid_square_5x5_hollow_slash,
          minmay_the_grid_square_5x5_shuriken,
          minmay_the_grid_square_5x5_prize_snowflake,
          minmay_the_grid_square_5x5_intrusive_squares,
          minmay_the_grid_square_5x5_lines, minmay_the_grid_square_5x5_bite,
          minmay_the_grid_square_5x5_prize_open,
          minmay_the_grid_square_5x5_checkered_statues,
          minmay_the_grid_square_5x5_prize_open, minmay_the_grid_square_5x5_tie,
          minmay_the_grid_square_5x5_z, minmay_the_grid_square_5x5_two_walls_a,
          minmay_the_grid_square_5x5_inner_v,
          minmay_the_grid_square_5x5_shrine2, minmay_the_grid_square_5x5_three],
          layout_loops_corners, hiddenorc2_lemuel, minmay_ruined_shrine
Temple:   compressed_dpeg_circular_temple

Skill      XL: |  1  2  3  4  5  6  7  8  9 10 11 |
---------------+----------------------------------+-----
Dodging        | 2 3 4 5 6 |  6.5
Poison Magic   | 1 2 |  2.4
Fighting       | 2 3 4 5 6 7 |  7.5
Transmutations | 3 4 5 7 8 9 |  9.8
Unarmed Combat | 4 5 6 7 9 10 | 10.1
Ice Magic      | 1 2 3 4 5 |  5.0
Spellcasting   | 3 4 5 6 |  6.5
Invocations    | 1 5 |  5.2

Action                   |  1- 3 |  4- 6 |  7- 9 | 10-12 || total
-------------------------+-------+-------+-------+-------++-------
Melee: Unarmed           |    95 |   187 |   295 |   243 ||   820
       Kick              |    15 |    13 |     1 |       ||    29
       Tailslap          |    11 |    13 |     4 |     6 ||    34
       Headbutt          |    10 |     7 |       |       ||    17
       Punch             |     1 |     1 |       |     2 ||     4
 Cast: Beastly Appendage |    21 |    17 |     1 |       ||    39
       Spider Form       |     1 |    13 |    27 |       ||    41
       Ice Form          |       |     1 |    14 |    32 ||    47
 Abil: Breathe Noxious F |       |       |     6 |     3 ||     9
       End Transformatio |       |       |     2 |       ||     2
Evoke: Wand              |       |       |       |     2 ||     2
  Use: Scroll            |     1 |     9 |     5 |     9 ||    24
       Potion            |       |     2 |     1 |     1 ||     4
 Stab: Sleeping          |     1 |       |       |       ||     1
       Confused          |       |       |     4 |       ||     4
Armor: Skin              |    29 |    35 |    62 |    84 ||   210
Dodge: Dodged            |    60 |   119 |   248 |   113 ||   540
Block: Other             |       |       |     5 |    27 ||    32

Table legend: (Time is in decaauts)
 A = Elapsed time spent in this place.
 B = Non-inter-level travel time spent in this place.
 C = Inter-level travel time spent in this place.
 D = Time resting spent in this place.
 E = Time spent auto-exploring this place.
 F = Levels seen in this place.
 G = Mean time per level.
                   A        B        C        D        E       F      G
               +--------+--------+--------+--------+--------+-----+--------+
         Total |  16957 |  16498 |    459 |   1255 |  13160 |  12 | 1413.1 |
       Dungeon |  16827 |  16410 |    417 |   1255 |  13081 |  11 | 1529.7 |
        Temple |    129 |     88 |     41 |      0 |     79 |   1 |  129.0 |
               +--------+--------+--------+--------+--------+-----+--------+

Top non-repeatable levels by time:
    D:11: 2282 daAuts
    D:10: 1865 daAuts
     D:7: 1780 daAuts
     D:6: 1660 daAuts
     D:4: 1645 daAuts
     D:5: 1621 daAuts
     D:8: 1438 daAuts
     D:3: 1406 daAuts
     D:1: 1134 daAuts
     D:9: 1081 daAuts
     D:2: 909 daAuts
  Temple: 129 daAuts
